 Dungeon Crawl Stone Soup version 0.31-a0-765-g67fe2935dc (webtiles) character file.

Game seed: 15072454772075634321

11 cforsyth the Sneak (level 2, 0/26 HPs)
             Began as a Djinni Delver on Sept 15, 2023.
             Slain by a kobold brigand
             ... wielding a +0 short sword
              (5 damage)
             ... on level 4 of the Dungeon.
             The game lasted 00:01:02 (201 turns).

cforsyth the Sneak (Djinni Delver)                   Turns: 201, Time: 00:01:03

Health: 0/26       AC:  3    Str: 11    XL:     2   Next: 35%
Gold:   0          EV: 12    Int: 11    God:
                   SH:  0    Dex: 14

rFire   + + .        h - +0 short sword (flame)
rCold   x . .        (no shield)
rNeg    . . .        b - +0 leather armour
rPois   ∞            (no helmet)
rElec   .            (no cloak)
rCorr   .            (no gloves)
SInv    .            (boots unavailable)
Will    .....        (no amulet)
Stlth   ++           (no ring)
HPRegen 0.24/turn    (no ring)
MPRegen 0.00/turn

%: infuse magic (-1 HP)
@: flying
A: sickness immunity, fire resistance 2, cold vulnerability 1, float, innate
caster, HP casting, extra vitality 1
a: no special abilities


You were on level 4 of the Dungeon.
You visited 1 branch of the dungeon, and saw 2 of its levels.

Inventory:

Hand Weapons
 a - a +0 falchion
 h - a +0 short sword of flaming (weapon)
Armour
 b - a +0 leather armour (worn)
Wands
 g - a wand of digging (3)
Scrolls
 c - a scroll of fog
 d - a scroll of revelation
 e - a scroll of fear
Potions
 f - a potion of haste


   Skills:
 + Level 3.6 Fighting
 - Level 1.7 Long Blades
 - Level 2.1 Dodging
 - Level 4.1 Stealth You didn't know any spells. Your spell library was empty.

Dungeon Overview and Level Annotations

Branches:
Dungeon (5/15)
 Temple: D:4-7

Altars:


Innate Abilities, Weirdness & Mutations

You are immune to sickness and miasma.
You are immune to poison.
Your flesh is very heat resistant. (rF++)
You are vulnerable to cold. (rC-)
You float through the air rather than walking.
You learn spells naturally, not from books.
Your magical power is your life essence.
You have superior vitality. (+4 MHP)


Message History

A kobold brigand breaks down the door.
The kobold brigand throws a poisoned dart.
The poisoned dart misses you.
Found a scroll labelled PAPSIZ GYHARR.
There is a stone staircase leading up here.
You fly upwards.
Found 11 gold pieces.
There is a stone staircase leading down here.
You fly downwards.
There is a stone staircase leading up here.
A kobold brigand is nearby!
The kobold brigand throws a curare-tipped dart.
The curare-tipped dart closely misses you.
The kobold brigand hits you with a +0 short sword.
You fly upwards.
There is a stone staircase leading down here.
You closely miss the kobold brigand.
The kobold brigand hits you with a +0 short sword.
You hit the kobold brigand. You burn the kobold brigand.
The kobold brigand is lightly wounded.
The kobold brigand hits you with a +0 short sword!
You hit the kobold brigand. You burn the kobold brigand.
The kobold brigand is moderately wounded.
The kobold brigand hits you with a +0 short sword!
* * * LOW HITPOINT WARNING * * *
You are too injured to fight recklessly!
You are too injured to fight recklessly!
You are too injured to fight recklessly!
You are too injured to fight recklessly!
You are too injured to fight recklessly!
You are too injured to fight recklessly!
You are too injured to fight recklessly!
You hit the kobold brigand. You burn the kobold brigand.
The kobold brigand is moderately wounded.
The kobold brigand hits you with a +0 short sword.
* * * LOW HITPOINT WARNING * * *
You barely miss the kobold brigand.
The kobold brigand is moderately wounded.
The kobold brigand hits you with a +0 short sword.
You die...

###
..#
#$#
#K#
#@#
#.#
#..
....
##...
#.##
.# .#


You could see a kobold brigand.

Vanquished Creatures
  An adder (D:5)
  An orc (D:5)
2 creatures vanquished.

Notes
Turn   | Place    | Note
-------+----------+-------------------------------------------
     0 | D:5      | cforsyth the Djinni Delver began the quest for the Orb.
     0 | D:5      | Reached XP level 1. HP: 20/20 MP: 0/0
    16 | D:5      | Reached XP level 2. HP: 20/25 MP: 0/0
   149 | D:5      | Found the +7 Throatcutter {drain, coup de grace}
   149 | D:5      | Noticed a kobold brigand
   149 | D:5      | Noticed a kobold brigand
   149 | D:5      | Noticed a kobold brigand
   149 | D:5      | Noticed a kobold brigand
   149 | D:5      | Noticed a kobold brigand
   201 | D:4      | Slain by a kobold brigand

Illustrated notes

Levels and vault maps discovered:
D:4:      layout_loops_ring, gammafunk_ghost_split, nicolae_letterblocks
          [nicolae_letter_subblock, nicolae_letter_subblock,
          nicolae_letter_subblock, nicolae_letter_subblock,
          nicolae_letter_subblock, nicolae_letter_subblock,
          nicolae_letter_subblock, nicolae_letter_subblock,
          nicolae_letter_subblock, nicolae_letter_subblock,
          nicolae_letter_subblock, nicolae_letter_subblock,
          nicolae_letter_subblock, nicolae_letter_subblock,
          nicolae_letter_subblock, nicolae_letter_subblock,
          nicolae_letter_subblock, nicolae_letter_subblock,
          nicolae_letter_subblock, nicolae_letter_subblock,
          nicolae_letter_subblock, nicolae_letter_subblock,
          nicolae_letter_subblock, nicolae_letter_subblock,
          nicolae_letter_subblock]
D:5:      layout_cave_pods, dilly_guarded_unrand_throatcut

Action                     || total
---------------------------++-------
  Melee: Falchion          ||    15
         Short sword       ||     5
         Punch             ||     1
 Armour: Leather armour    ||    15
  Dodge: Dodged            ||    13

Table legend: (Time is in decaauts)
 A = Elapsed time spent in this place.
 B = Non-inter-level travel time spent in this place.
 C = Inter-level travel time spent in this place.
 D = Time resting spent in this place.
 E = Time spent auto-exploring this place.
 F = Levels seen in this place.
 G = Mean time per level.
                   A        B        C        D        E       F      G
               +--------+--------+--------+--------+--------+-----+--------+
         Total |    204 |    204 |      0 |      0 |    102 |   2 |  102.0 |
       Dungeon |    204 |    204 |      0 |      0 |    102 |   2 |  102.0 |
               +--------+--------+--------+--------+--------+-----+--------+

Top non-repeatable levels by time:
     D:5: 197 daAuts
     D:4: 7 daAuts
